 Dungeon Crawl Stone Soup version 0.22-a0-614-g34fbaa0 (webtiles) character file.

123 rgaf the Insei (level 4, -1/34 HPs)
             Began as a Demigod Transmuter on July 14, 2018.
             Killed from afar by Natasha (5 damage)
             ... with a magic dart
             ... on level 3 of the Dungeon.
             The game lasted 00:02:32 (3221 turns).

rgaf the Insei (Demigod Transmuter)                 Turns: 3221, Time: 00:02:33

Health: -1/34      AC:  3    Str: 13    XL:     4   Next: 52%
Magic:  8/9        EV: 12    Int: 19    God:
Gold:   125        SH:  0    Dex: 16    Spells: 3/6 levels left

rFire    . . .     SeeInvis .     - Unarmed
rCold    . . .     Gourm    .   (no shield)
rNeg     . . .     Faith    .   c - +0 leather armour
rPois    .         Spirit   .   (no helmet)
rElec    .         Reflect  .   (no cloak)
rCorr    .         Harm     .   (no gloves)
MR       .....                  (no boots)
Stlth    +.........             (no amulet)
HPRegen  0.11/turn              (no ring)
MPRegen  0.11/turn              (no ring)

@: no status effects
A: high mp 1
a: no special abilities


You were on level 3 of the Dungeon.
You were not hungry.

You visited 1 branch of the dungeon, and saw 3 of its levels.

You collected 125 gold pieces.

Inventory:

Missiles
 a - 79 arrows
Armour
 b - a +0 robe
 c - a +0 leather armour (worn)
Jewellery
 e - an uncursed ring of see invisible {unknown}
 f - a +5 amulet of reflection {unknown}
Scrolls
 g - 5 scrolls of identify {unknown}
 i - 3 scrolls of teleportation {unknown}
 m - 2 scrolls of fear {unknown}
Potions
 h - 3 potions of agility {unknown}
 j - a potion of heal wounds
 k - a potion of curing {unknown}
Comestibles
 d - 6 rations
 l - 4 chunks of flesh


   Skills:
 - Level 0.8 Fighting
 - Level 1.7 Dodging
 + Level 5.1 Unarmed Combat
 - Level 1.7 Spellcasting
 - Level 1.7 Transmutations


You had 3 spell levels left.
You knew the following spells:

 Your Spells              Type           Power        Failure   Level  Hunger
a - Beastly Appendage     Tmut           #.....       11%         1    #......
b - Sticks to Snakes      Tmut           #.......     16%         2    ###....

Your spell library contained the following spells:

 Spells                   Type           Power        Failure   Level  Hunger
 Spider Form              Tmut/Pois      #.........   43%         3    ###....
 Blade Hands              Tmut           #.........   96%         5    ######.
 Ice Form                 Ice/Tmut       #.......     83%         4    #####..


Dungeon Overview and Level Annotations

Branches:
Dungeon (3/15)

Annotations:
D:3 Natasha


Innate Abilities, Weirdness & Mutations

You have an increased reservoir of magic. (+10% MP)


Message History

Natasha casts a spell at you. The magic dart hits you!
* * * LOW HITPOINT WARNING * * *
Your ball python bites Natasha.
Your ball python constricts Natasha.
You hit Natasha but do no damage.
Natasha is almost dead.
Natasha drinks a potion.
Natasha is healed!
Your ball python bites Natasha.
Your ball python constricts Natasha.
You hit Natasha.
Natasha is heavily wounded.
Your ball python bites Natasha but does no damage.
Your ball python constricts Natasha.
Natasha claws you.
* * * LOW HITPOINT WARNING * * *
You barely miss Natasha.
Natasha is heavily wounded.
Your ball python bites Natasha but does no damage.
Your ball python constricts Natasha.
Natasha stares at you and mumbles some strange words.
The magic dart hits you!
You die...

#.#.†#..# #
#.†...#
#.#.....#
#.......###
####......#
###.##.#
#>...#
#h#######
#S@.....#
#.......#
#..(<...#
##...)).#
#......#
########


You could see Natasha and a friendly ball python.

Vanquished Creatures
  Natasha (D:3)
  4 adders
  2 worms
  A dart slug (D:1)
  2 leopard geckos
  5 bats
  7 goblins
  3 hobgoblins
  6 jackals (D:1)
  4 kobolds
  A quokka (D:2)
  3 frilled lizards (D:1)
  6 rats
45 creatures vanquished.

Vanquished Creatures (collateral kills)
  2 adders (D:2)
2 creatures vanquished.

Vanquished Creatures (others)
  7 toadstools (D:1)
7 creatures vanquished.

Grand Total: 54 creatures vanquished

Notes
Turn   | Place    | Note
-------+----------+-------------------------------------------
     0 | D:1      | rgaf the Demigod Transmuter began the quest for the Orb.
     0 | D:1      | Reached XP level 1. HP: 15/15 MP: 5/5
   144 | D:1      | Reached skill level 3 in Unarmed Combat
   469 | D:1      | Reached XP level 2. HP: 22/22 MP: 7/7
  1988 | D:2      | Reached XP level 3. HP: 19/27 MP: 8/8
  2106 | D:2      | Reached skill level 4 in Unarmed Combat
  2113 | D:2      | Learned a level 2 spell: Sticks to Snakes
  2757 | D:2      | Reached XP level 4. HP: 24/34 MP: 6/9
  3084 | D:3      | Noticed Natasha
  3093 | D:3      | Killed Natasha
  3093 | D:3      | Reached skill level 5 in Unarmed Combat
  3139 | D:3      | Noticed Natasha
  3221 | D:3      | Killed from afar by Natasha

Vault maps used:
D:1:      nagdon_arrival_double_spiral, interstate_on_off
D:2:      first_ration
D:3:      biasface_ghost_orc_armoury, uniq_terence, uniq_natasha

Skill      XL: |  1  2  3  4 |
---------------+-------------+-----
Unarmed Combat | 3 4 5 |  5.1
Fighting       | |  0.8
Dodging        | |  1.7
Spellcasting   | |  1.7
Transmutations | |  1.7

Action                   |  1- 3 |  4- 6 || total
-------------------------+-------+-------++-------
Melee: Unarmed           |   193 |    35 ||   228
       Punch             |     5 |       ||     5
 Cast: Sticks to Snakes  |     5 |     3 ||     8
 Stab: Distracted        |     1 |       ||     1
  Eat: Chunk             |     6 |     2 ||     8
Armor: Leather armour    |    53 |     9 ||    62
Dodge: Dodged            |   125 |    12 ||   137

Table legend:
 A = Spawn XP
 B = Non-spawn XP
 C = Spawn XP percentage of total XP
 D = Spawn monster count
 E = Non-spawn monster count
 F = Spawn count percentage of total count
 G = Total turns spent on level
                    A         B        C        D         E        F      G
               +---------+---------+-------+---------+---------+-------+---------
         Total |       0 |     177 |   0.0 |       0 |      47 |   0.0 |  3221
               +---------+---------+-------+---------+---------+-------+---------
           D:1 |       0 |      36 |   0.0 |       0 |      18 |   0.0 |  1759
           D:2 |       0 |      90 |   0.0 |       0 |      24 |   0.0 |  1373
           D:3 |       0 |      51 |   0.0 |       0 |       5 |   0.0 |    89
               +---------+---------+-------+---------+---------+-------+---------
